 Dungeon Crawl Stone Soup version 0.17-a0-1798-g879a7aa (webtiles) character file.

70 hexophile the Charlatan (level 4, -2/21 HPs)
             Began as a Spriggan Artificer on Sept 10, 2015.
             Slain by a quokka (5 damage)
             ... on level 7 of the Dungeon.
             The game lasted 00:04:05 (681 turns).

hexophile the Charlatan (Spriggan Artificer)         Turns: 681, Time: 00:04:06

Health: -2/21      AC:  2    Str:  7    XL:     4   Next: 4%
Magic:  7/9        EV: 18    Int: 13    God:
Gold:   0          SH:  0    Dex: 17    Spells: 0 memorised, 3 levels left

rFire  . . .     SeeInvis +     a - +0 short sword
rCold  . . .     Clarity  .     b - +0 robe
rNeg   . . .     SustAt   .     (shield restricted)
rPois  .         Gourm    .     (helmet restricted)
rElec  .         Spirit   .     (no cloak)
rCorr  .         Warding  .     (gloves unavailable)
rMut   .         Stasis   .     (boots unavailable)
MR     .....                    (no amulet)
Stlth  +++.......               (no ring)
                                (no ring)

@: very quick, not resistant to hostile enchantments, fairly stealthy
A: unfitting armour, see invisible, herbivore 3, speed 3, slow metabolism 2
a: no special abilities


You were on level 7 of the Dungeon.
You were not hungry.

You visited 1 branch of the dungeon, and saw 7 of its levels.

Inventory:

Hand weapons
 a - a +0 short sword (weapon)
Armour
 b - a +0 robe (worn)
Jewellery
 m - an uncursed ring of fire {unknown}
Magical devices
 c - a wand of flame (12)
 d - a wand of enslavement (20)
 e - a wand of random effects (9)
Scrolls
 h - a scroll of teleportation {unknown}
 n - a scroll of remove curse
 p - a scroll of fog {unknown}
Potions
 i - a potion of agility {unknown}
Books
 o - a book of Debilitation

   Spells                             Type                      Level
   a - Corona                         Hexes                        1
   b - Slow                           Hexes                        2
   c - Gell's Gravitas                Hexes/Translocation          3
   d - Inner Flame                    Hexes/Fire                   3
   e - Cause Fear                     Hexes                        4
   f - Leda's Liquefaction            Hexes/Earth                  4
Comestibles
 f - a bread ration
 l - a slice of pizza


   Skills:
 - Level 0.7 Fighting
 - Level 1.1 Short Blades
 - Level 3.0 Dodging
 * Level 4.5 Stealth
 * Level 5.4 Evocations


You had 3 spell levels left.
You didn't know any spells.

Dungeon Overview and Level Annotations

Branches:
Dungeon (7/15)
 Temple: D:4-7

Altars:
Ashenzari
Makhleb
Qazlal
Sif Muna
Trog
Xom

Annotations:
D:2 Jessica


Innate Abilities, Weirdness & Mutations

You are tiny and cannot use many weapons and most armour.
You have supernaturally acute eyesight.
You are a herbivore.
You cover ground extremely quickly.
You need consume almost no food.


Message History

The orc hits you with a war axe.
* * * LOW HITPOINT WARNING * * *
Found a hand axe.
Unknown command.
Unknown command.
Your ogre hits the orc wizard with a giant club.
Found a purple potion.
What do you say? t - Shout!
Orders for allies: a - Attack new target. r - Retreat! s - Stop attacking. w - Wait here. f - Follow me.
Anything else - Stay silent.
Gang up on whom?
Press: ? - help, Dir - move target cursor, f - orc wizard
Aim: an orc wizard, wielding a dagger and wearing a robe (moderately wounded) Attack!
You hear a shout!
The quokka misses you.
Your ogre barely misses the orc.
The quokka bites you.
You die...

#... !... ... .....
#######....
.....##..........
..........)......
.........O.......#####
........oo...s...s....
#@r..)...##.###.##
#.oo.#####...##..#
#......##.....##.#
######.#.......#.#
#....._[....#
###.......#.#
##.....##.# ##...##..#
##.## .##


You could see a scorpion, an orc wizard, 3 orcs, a quokka and a friendly ogre.

Vanquished Creatures
  Natasha (D:2)
  An orc priest (D:5)
  An orc (D:5)
  A goblin (D:2)
  2 kobolds (D:2)
6 creatures vanquished.

Vanquished Creatures (collateral kills)
  An orc priest (D:7)
  An orc (D:5)
2 creatures vanquished.

Vanquished Creatures (others)
  An orc wizard (D:5)
  An orc (D:5)
2 creatures vanquished.

Grand Total: 10 creatures vanquished

Notes
Turn   | Place    | Note
--------------------------------------------------------------
     0 | D:1      | hexophile the Spriggan Artificer began the quest for the Orb.
     0 | D:1      | Reached XP level 1. HP: 9/9 MP: 4/4
    47 | D:2      | Noticed Natasha
    49 | D:2      | Killed Natasha
    49 | D:2      | Reached XP level 2. HP: 14/14 MP: 6/6
    84 | D:2      | Found a burning altar of Makhleb.
   185 | D:2      | Found a stormy altar of Qazlal.
   189 | D:2      | Noticed Jessica
   225 | D:4      | Noticed a scorpion
   265 | D:5      | Entered Level 5 of the Dungeon
   333 | D:5      | Found a bloodstained altar of Trog.
   336 | D:5      | Found a shattered altar of Ashenzari.
   336 | D:5      | Found a shimmering altar of Xom.
   349 | D:5      | Reached skill level 5 in Evocations
   349 | D:5      | Reached XP level 3. HP: 3/17 MP: 7/7
   389 | D:5      | Got a twisted helmet
   393 | D:5      | Noticed an ice beast
   398 | D:5      | Noticed a scorpion
   416 | D:6      | Identified the +2 helmet of the Tuna {Int+2} (You found it on level 5 of the Dungeon)
   431 | D:6      | You fall through a shaft!
   662 | D:7      | Found a deep blue altar of Sif Muna.
   663 | D:7      | Noticed a scorpion
   672 | D:7      | Noticed an ogre
   676 | D:7      | Reached XP level 4. HP: 8/21 MP: 7/9
   681 | D:7      | Slain by a quokka

Vault maps used:
D:1:      lemuel_arrival_behind_the_door_large
D:2:      nicolae_overflow_crystal_walls, grunt_qazlal_clouds,
          minmay_door_square, st_stairs_9, grunt_ministairs_13, uniq_jessica,
          uniq_natasha
D:3:      uniq_terence
D:4:      cheibriados_altar_wand_db, first_bread, corexii_hall_statues_i
D:5:      grunt_temple_overflow_open, enter_ossuary_3, grunt_ministairs_9,
          kennysheep_generic_room_7
D:6:      temple_green, serial_shops, shop, grunt_ministairs_11
D:7:      lemuel_round_altar, nicolae_gozag_seed_capital, uniq_joseph

Action                   |  1- 3 |  4- 6 || total
-------------------------+-------+-------++-------
Melee: Short sword       |     5 |       ||     5
Evoke: Wand              |    16 |       ||    16
  Use: Scroll            |     3 |       ||     3
       Potion            |     1 |       ||     1
